 Dungeon Crawl Stone Soup version 0.23.2-1-ga50397a (webtiles) character file.

Game seed: 6228095711265075014

494710 TheAlmogaver the Omniscient (level 24, -10/190 HPs)
             Began as a Gnoll Wizard on Apr 23, 2019.
             Was the Champion of Ashenzari.
             Mangled by a death cob (24 damage)
             ... on level 3 of the Realm of Zot on May 1, 2019.
             The game lasted 12:25:04 (81034 turns).

TheAlmogaver the Omniscient (Gnoll Wizard)         Turns: 81034, Time: 12:25:05

Health: -10/190    AC: 24    Str: 13    XL:     24   Next: 79%
Magic:  30/43      EV: 22    Int: 30    God:    Ashenzari [******]
Gold:   1356       SH: 21    Dex: 23    Spells: 8/56 levels left

rFire    + + +     SeeInvis +   U - +8 trident of the Octopus King {venom, rElec rPois MR+} (curse)
rCold    + + .     Gourm    .   j - +7 shield "Put-Me-On" {rCorr Stlth+} (curse)
rNeg     . . .     Faith    .   D - +7 ring mail of Vehumet's Indignation {Dex+6} (curse)
rPois    +         Spirit   .   b - +2 hat
rElec    +         Reflect  .   G - scarf {rC+ rF+}
rCorr    +         Harm     .   F - +2 pair of gloves {Dex+3}
MR       +++..     Clarity  +   O - +2 pair of boots "Rihanwyu" {+Fly MR- Stlth+}
Stlth    +++++++...             J - necklace of Bloodlust {*Rage +Rage MR++ Int-3 Slay+6 *Curse} (curse)
HPRegen  0.41/turn              C - ring "Gekhojok" {rF+ rC+ Int+4} (curse)
MPRegen  0.28/turn              E - ring "Nazic" {Wiz rF+} (curse)

@: slowed, studying Poison Magic, heavily drained, very slow
A: distributed training, fangs 1, horns 1, clumsy 1, sense surroundings 1,
strong 1, strong nose
}: 3/15 runes: decaying, serpentine, slimy
a: Curse Item, Scrying, Renounce Religion, Evoke Berserk Rage, Evoke Flight


You were on level 3 of the Realm of Zot.
You worshipped Ashenzari.
Ashenzari was exalted by your worship.
You were not hungry.

You visited 11 branches of the dungeon, and saw 52 of its levels.
You also visited: Bailey and Ice Cave.

You collected 6752 gold pieces.
You spent 5396 gold pieces at shops.

Inventory:

Hand Weapons
 U - the cursed +8 trident of the Octopus King (weapon) {venom, rElec rPois MR+}
   (You bought it in a shop on level 2 of the Orcish Mines)

   It poisons the flesh of those it strikes.
   It insulates you from electricity.
   It protects you from poison.
   It affects your resistance to hostile enchantments.
   It has a curse placed upon it.
Armour
 b - a +2 hat (worn)
 j - the cursed +7 shield "Put-Me-On" (worn) {rCorr Stlth+}
   (You took it off a deep elf high priest on level 3 of the Elven Halls)

   It provides partial protection from all sources of acid and corrosion.
   It makes you more stealthy.
   It has a curse placed upon it.
 D - the cursed +7 ring mail of Vehumet's Indignation (worn) {Dex+6}
   (You took it off a gnoll on level 9 of the Dungeon)

   It affects your dexterity (+6).
   It has a curse placed upon it.
 F - a +2 pair of gloves of dexterity (worn)
 G - a scarf of resistance (worn)
 O - the +2 pair of boots "Rihanwyu" (worn) {+Fly MR- Stlth+}
   (You found it on level 2 of the Depths)

   It affects your resistance to hostile enchantments.
   It lets you fly.
   It makes you more stealthy.
Jewellery
 z - a +3 ring of slaying
 C - the cursed ring "Gekhojok" (left hand) {rF+ rC+ Int+4}
   (You found it on level 5 of the Pits of Slime)

   [ring of protection from cold]

   It affects your intelligence (+4).
   It protects you from fire.
   It protects you from cold.
   It has a curse placed upon it.
 E - the cursed ring "Nazic" (right hand) {Wiz rF+}
   (You bought it in a shop on level 6 of the Dungeon)

   [ring of wizardry]

   It improves your spell success rate.
   It protects you from fire.
   It has a curse placed upon it.
 J - the cursed necklace of Bloodlust (around neck) {*Rage +Rage MR++ Int-3 Slay+6 *Curse}
   (You bought it in a shop on level 8 of the Dungeon)

   [amulet of rage]

   It affects your intelligence (-3).
   It affects your accuracy and damage with ranged weapons and melee attacks
   (+6).
   It affects your resistance to hostile enchantments.
   It lets you go berserk.
   It may make you go berserk in combat.
   It curses itself when equipped.
   It has a curse placed upon it.
Wands
 g - a wand of scattershot (24)
 l - a wand of flame (54)
 o - a wand of iceblast (31)
 K - a wand of acid (21)
 L - a wand of polymorph (22)
 N - a wand of disintegration (35)
 P - a wand of digging (6)
 Q - a wand of paralysis (11)
Scrolls
 k - 11 scrolls of teleportation
 m - 9 scrolls of remove curse
 n - 9 scrolls of fear
 t - 5 scrolls of blinking
 u - 7 scrolls of fog
 w - 8 scrolls of magic mapping
 x - 4 scrolls of enchant weapon
 y - a scroll of enchant armour
 A - a scroll of summoning
 B - 18 scrolls of identify
 I - 12 scrolls of amnesia
 T - a scroll of holy word
Potions
 a - a potion of resistance
 c - 3 potions of haste
 e - 17 potions of curing
 f - 7 potions of magic
 h - 7 potions of agility
 i - 7 potions of might
 q - 4 potions of ambrosia
 r - 2 potions of heal wounds
 s - 12 potions of brilliance
 v - 4 potions of berserk rage
 M - 5 potions of flight
 S - 2 potions of cancellation
 X - 3 potions of mutation
Books
 R - a manual of Poison Magic
Miscellaneous
 p - a phantom mirror
 H - a phial of floods
 V - 2 boxes of beasts
 Y - a phial of floods
 Z - a lamp of fire
Comestibles
 d - 31 rations


   Skills:
 + Level 15.7(13.4) Fighting
 + Level 15.7(13.4) Short Blades
 + Level 15.7(13.4) Long Blades
 + Level 15.7(13.4) Axes
 + Level 15.7(13.4) Maces & Flails
 + Level 15.7(17.2) Polearms
 + Level 15.7(13.4) Staves
 + Level 15.7(13.4) Slings
 + Level 15.7(13.4) Bows
 + Level 15.7(13.4) Crossbows
 + Level 15.7(13.4) Throwing
 + Level 15.7(13.4) Armour
 + Level 16.2(13.9) Dodging
 + Level 16.1(13.8) Stealth
 + Level 15.7(15.8) Shields
 + Level 15.7(13.4) Unarmed Combat
 + Level 16.8(14.5) Spellcasting
 + Level 13.6(15.4) Conjurations
 + Level 13.5(15.3) Hexes
 + Level 13.5(15.3) Charms
 + Level 13.6(15.4) Summonings
 + Level 13.5(15.3) Necromancy
 + Level 13.6(15.4) Translocations
 + Level 13.5(15.3) Transmutations
 + Level 13.5(15.3) Fire Magic
 + Level 13.5(15.3) Ice Magic
 + Level 13.5(15.3) Air Magic
 + Level 13.5(15.3) Earth Magic
 + Level 14.9(16.5) Poison Magic
 + Level 16.9(14.6) Invocations
 + Level 15.7(17.2) Evocations


You had 8 spell levels left.
You knew the following spells:

 Your Spells              Type           Power        Failure   Level  Hunger
a - Freezing Cloud        Conj/Ice/Air   #######...   1%          6    ###....
b - Blink                 Tloc           N/A          0%          2    None
c - Orb of Destruction    Conj           #######...   2%          7    #####..
d - Summon Lightning Spi  Summ/Air       #######.     1%          4    None
e - Mephitic Cloud        Conj/Pois/Air  #######.     0%          3    None
f - Bolt of Magma         Conj/Fire/Erth #######...   1%          5    None
g - Animate Skeleton      Necr           N/A          0%          1    None
h - Summon Hydra          Summ           #######...   2%          7    #####..
i - Statue Form           Tmut/Erth      #######..    1%          6    ###....
j - Spellforged Servitor  Conj/Summ      #######...   2%          7    #####..

Your spell library contained the following spells:

 Spells                   Type           Power        Failure   Level  Hunger
 Apportation              Tloc           ######       0%          1    None
 Confusing Touch          Hex            ######       0%          1    None
 Corona                   Hex            #######      0%          1    None
 Freeze                   Ice            ####         0%          1    None
 Infusion                 Chrm           ####         0%          1    None
 Magic Dart               Conj           ####         0%          1    None
 Pain                     Necr           ####         0%          1    None
 Sandblast                Erth           ######       0%          1    None
 Summon Butterflies       Summ           #######.     0%          1    None
 Summon Small Mammal      Summ           ####         0%          1    None
 Call Imp                 Summ           #######.     0%          2    None
 Corpse Rot               Necr           N/A          0%          2    None
 Ensorcelled Hibernation  Hex/Ice        ######       0%          2    None
 Passwall                 Tmut/Erth      #######.     0%          2    None
 Poisonous Vapours        Pois/Air       ######       0%          2    None
 Searing Ray              Conj           ######       0%          2    None
 Shroud of Golubria       Chrm/Tloc      #######...   0%          2    None
 Slow                     Hex            #######.     0%          2    None
 Song of Slaying          Chrm           #######.     0%          2    None
 Sticks to Snakes         Tmut           #######.     0%          2    None
 Sublimation of Blood     Necr           #######...   0%          2    None
 Throw Frost              Conj/Ice       ######       0%          2    None
 Confuse                  Hex            #######.     0%          3    None
 Conjure Flame            Conj/Fire      #######.     0%          3    None
 Dazzling Spray           Conj/Hex       ######       0%          3    None
 Gell's Gravitas          Tloc           #######...   0%          3    None
 Ignite Poison            Fire/Tmut/Pois #######.     0%          3    None
 Ozocubu's Armour         Chrm/Ice       #######.     0%          3    None
 Recall                   Summ/Tloc      N/A          0%          3    None
 Regeneration             Chrm/Necr      #######...   0%          3    None
 Spectral Weapon          Hex/Chrm       #######.     0%          3    None
 Spider Form              Tmut/Pois      #######...   0%          3    None
 Stone Arrow              Conj/Erth      ######       0%          3    None
 Summon Guardian Golem    Hex/Summ       #######.     0%          3    None
 Teleport Other           Tloc           #######.     0%          3    None
 Tukima's Dance           Hex            #######.     0%          3    None
 Vampiric Draining        Necr           #######...   0%          3    None
 Animate Dead             Necr           N/A          1%          4    None
 Force Lance              Conj/Tloc      #######.     1%          4    None
 Fulminant Prism          Conj/Hex       #######...   1%          4    None
 Ice Form                 Ice/Tmut       #######.     1%          4    None
 Iskenderun's Mystic Bla  Conj           #######.     1%          4    None
 Leda's Liquefaction      Hex/Erth       #######...   1%          4    None
 Petrify                  Tmut/Erth      #######.     1%          4    None
 Sticky Flame             Conj/Fire      #######.     1%          4    None
 Summon Ice Beast         Ice/Summ       #######.     1%          4    None
 Throw Icicle             Conj/Ice       #######.     1%          4    None
 Agony                    Necr           #######.     1%          5    None
 Alistair's Intoxication  Tmut/Pois      #######.     1%          5    None
 Aura of Abjuration       Summ           #######...   1%          5    None
 Blade Hands              Tmut           #######...   1%          5    None
 Bolt of Draining         Conj/Necr      #######...   1%          5    None
 Dispel Undead            Necr           #######.     1%          5    None
 Excruciating Wounds      Chrm/Necr      #######...   1%          5    None
 Irradiate                Conj/Tmut      #######...   1%          5    None
 Iskenderun's Battlesphe  Conj/Chrm      #######.     1%          5    None
 Lee's Rapid Deconstruct  Erth           #######...   1%          5    None
 Metabolic Englaciation   Hex/Ice        #######...   1%          5    None
 Silence                  Hex/Air        #######...   1%          5    None
 Summon Demon             Summ           #######...   1%          5    None
 Summon Forest            Summ/Tloc      #######...   1%          5    None
 Summon Mana Viper        Hex/Summ       #######.     1%          5    None
 Venom Bolt               Conj/Pois      #######...   1%          5    None
 Yara's Violent Unravell  Hex/Tmut       #######...   1%          5    None
 Bolt of Cold             Conj/Ice       #######...   1%          6    ###....
 Bolt of Fire             Conj/Fire      #######...   1%          6    ###....
 Conjure Ball Lightning   Conj/Air       #######...   1%          6    ###....
 Deflect Missiles         Chrm/Air       #######...   1%          6    ###....
 Hydra Form               Tmut           #######...   1%          6    ###....
 Iron Shot                Conj/Erth      #######...   1%          6    ###....
 Ozocubu's Refrigeration  Ice            #######...   1%          6    ###....
 Shadow Creatures         Summ           N/A          1%          6    ###....
 Simulacrum               Ice/Necr       #######...   1%          6    ###....
 Dragon Form              Tmut           #######...   2%          7    #####..
 Haunt                    Necr/Summ      #######...   2%          7    #####..
 Ring of Flames           Chrm/Fire      #######...   2%          7    #####..
 Borgnjor's Revivificati  Necr           #######...   19%         8    ######.
 Death's Door             Chrm/Necr      #######...   19%         8    ######.
 Infestation              Necr           #######...   19%         8    ######.
 Necromutation            Tmut/Necr      #######...   19%         8    ######.
 Shatter                  Erth           #######...   94%         9    #######
 Tornado                  Air            #######...   94%         9    #######


Dungeon Overview and Level Annotations

Branches:
Dungeon (15/15)            Temple (1/1) D:5            Lair (6/6) D:8
  Swamp (4/4) Lair:2        Snake (4/4) Lair:3        Slime (5/5) Lair:5
    Orc (2/2) D:10            Elf (3/3) Orc:2        Vaults (4/5) D:13
  Crypt (0/3) Vaults:2     Depths (5/5) D:15            Zot (3/5) Depths:5

Altars:
Ashenzari
Cheibriados
Dithmenos
Elyvilon
Fedhas
Gozag
Hepliaklqana
Kikubaaqudgha
Makhleb
Nemelex Xobeh
Okawaru
Qazlal
Ru
Sif Muna
Trog
Uskayaw
Vehumet
Wu Jian
Xom
Yredelemnul
Zin
The Shining One
Beogh

Shops:
D:6 =   D:8 *   Orc:2 *(=(   Snake:1 (?}(   Vaults:1 =   Depths:1 [=}
Depths:2 (}*   Depths:5 %[?:?

Portals:
Hell: Depths:1 Depths:2 Depths:3 Depths:4 Depths:5
Abyss: Depths:1 Depths:4
Pandemonium: Depths:3
Ziggurat: Depths:5

Annotations:
D:3 2 transporters, poxu's ghost, amateur MiFi
D:7 Prince Ribbit


Innate Abilities, Weirdness & Mutations

Your experience applies equally to all skills.
You have very sharp teeth.
Your uncanny sense of smell can sniff out nearby items.
You have a pair of small horns on your head.
You are clumsy. (Dex -2)
You passively map a small area around you.
Your muscles are strong. (Str +2)


Message History

The death cob hits you but does no damage.
You block the death cob's attack. The death cob misses you.
The green draconian shifter casts a spell at you.
You resist with almost no effort. You block the death cob's attack.
You block the death cob's attack. The death cob hits you.
* * * LOW HITPOINT WARNING * * *
The death cob drains your vigour!
You feel as though you will be slow longer.
The shadow dragon breathes negative energy at you.
The bolt of negative energy hits the death cob.
The death cob completely resists.
The bolt of negative energy misses you. The death cob barely misses you.
The death cob closely misses you.
The moth of wrath goads the shadow dragon on!
The shadow dragon goes berserk!
The death cob hits you!
* * * LOW HITPOINT WARNING * * *
The moth of wrath goads the white draconian on!
The white draconian goes berserk!
The death cob hits you!!
You die...

,#.#...................(...!.....
#..................{.........q..
#.<.....#..........#q.......z§..
##.......##.###.q.##.....###q###
##......###.##...#dq##..#/.d,,#
##.....[##)##.y..d##,..#dy{,,#
##......[)...#D.##..#... D
##...).<....zd....#*,#..,,
##......d.@......... .. ,,
##..###.######.....** * ##..
##.#* *.....∆ ,, ##.) *#.#*
*#..##* ** #.. ,..#* ,.## *#.
,..., * ** , .. ** ***


You could see a shadow dragon (berserk), a purple draconian monk, a green
draconian, a purple draconian, 2 draconians, a green draconian shifter, a death
cob, a black draconian scorcher and a moth of wrath.

Vanquished Creatures
  An orb of fire (Zot:3)
  A juggernaut (Depths:3)
  Sojobo (Vaults:3)
  Boris (Depths:4)
  Xtahua (Vaults:4)
  Margery (Depths:3)
  A golden dragon (Zot:2)
  3 caustic shrikes
  A bone dragon (Depths:4)
  2 electric golems
  Rupert (Orc:2)
  6 tentacled monstrosities
  A lich (Depths:4)
  Jorgrun (Swamp:2)
  A deep elf blademaster (Elf:2)
  Asterion (Snake:1)
  A quicksilver dragon (Zot:2)
  8 acid blobs
  3 death cobs
  2 sphinxes
  3 tengu reavers
  A thorn hunter (Swamp:3)
  2 shadow dragons
  4 nagarajas (Snake:4)
  2 draconian monks
  Roxanne (Elf:1)
  Donald (Snake:1)
  5 fire giants
  A storm dragon (Zot:2)
  4 azure jellies (Slime:5)
  A draconian knight (Zot:2)
  2 deep elf sorcerers (Elf:3)
  6 vault wardens
  4 frost giants
  An iron dragon (Depths:4)
  An orc warlord (Orc:2)
  A ghost moth (Zot:3)
  The ghost of Kairos the Geomancer, a journeyman FoEE of Sif Muna (Snake:1)
  3 draconian shifters
  A draconian annihilator (Zot:1)
  A draconian stormcaller (Zot:3)
  2 spriggan defenders
  6 ironheart preservers
  A war gargoyle (Vaults:4)
  2 deep elf elementalists
  5 very ugly things
  4 black draconians
  A vampire knight (Depths:2)
  15 stone giants
  5 deep elf demonologists
  3 spark wasps
  2 green draconians
  4 red draconians
  3 yellow draconians
  3 deep elf annihilators (Elf:3)
  A purple draconian (Depths:5)
  3 ettins
  3 death oozes
  10 ogre magi
  3 deep elf high priests (Elf:3)
  6 fire dragons
  A vault guard (Vaults:4)
  Erolcha (Orc:2)
  5 yaktaur captains
  14 hydras
  3 great orbs of eyes
  5 naga warriors
  5 ice dragons
  2 rakshasas
  2 ghost crabs
  10 alligators
  3 centaur warriors
  Erica (D:9)
  3 anacondas
  3 death knights
  3 deep troll earth magi
  12 dancing weapons
  36 two-headed ogres
  10 deep troll shamans
  3 tengu warriors
  2 vampire magi
  11 death yaks
  7 shock serpents
  4 orc high priests
  2 naga sharpshooters (Snake:4)
  4 spriggan berserkers
  A storm dragon zombie (Depths:4)
  7 hell knights
  7 deep elf knights
  A shadow wraith (Vaults:2)
  Sonja (D:12)
  12 deep trolls
  2 iron trolls
  5 skeletal warriors (D:15)
  A spriggan druid (Swamp:4)
  A flayed ghost (Depths:4)
  An unseen horror (D:11)
  2 swamp dragons
  A glowing orange brain (Slime:3)
  A lindwurm (Swamp:4)
  5 wizards
  A tengu zombie (D:15)
  10 deep elf archers
  A phantasmal warrior (Vaults:4)
  4 necromancers
  A naga ritualist (Snake:4)
  36 deep elf magi
  5 orc sorcerers
  A sphinx zombie (D:15)
  4 mana vipers
  2 fire giant zombies
  5 ironbrand convokers
  34 ugly things
  3 shining eyes
  10 cyclopes
  9 orc knights
  4 wolf spiders
  3 elephants (Lair:4)
  A manticore (D:15)
  6 moths of wrath
  12 naga magi
  19 black mambas
  6 salamanders
  An eye of devastation (Lair:5)
  5 vault sentinels
  A centaur zombie (D:13)
  3 ice statues
  3 gargoyles
  22 spiny frogs
  7 rime drakes
  An efreet (D:15)
  A kobold demonologist (D:13)
  2 human skeletons
  3 komodo dragons
  3 human zombies
  An ice devil (Depths:2)
  34 yaktaurs
  11 freezing wraiths
  11 hornets
  A meliai (D:9)
  2 polar bears
  A polar bear (shapeshifter) (Vaults:2)
  9 trolls
  9 tyrant leeches
  53 slime creatures
  11 blink frogs
  Grinder (D:5)
  A bog body (Swamp:3)
  2 dream sheep (D:12)
  A meliai zombie (D:14)
  10 hippogriffs
  A human simulacrum (Vaults:3)
  6 spriggans
  10 water elementals
  A redback (shapeshifter) (D:15)
  5 shadows
  5 wraiths
  A fire dragon skeleton (D:15)
  A fire bat (Swamp:4)
  3 vampires
  5 wyverns
  5 basilisks (Lair:5)
  A fire elemental (Depths:3)
  39 yaks
  2 hungry ghosts
  A basilisk (shapeshifter) (D:14)
  7 golden eyes
  A steam dragon (D:10)
  2 death yak simulacra (IceCv)
  13 insubstantial wisps
  20 vampire mosquitoes
  A deep troll zombie (Vaults:3)
  31 nagas
  4 wargs
  Edmund (D:4)
  2 hydra simulacra (Depths:3)
  8 swamp worms
  7 water moccasins
  An acid dragon (D:14)
  7 porcupines
  A guardian serpent simulacrum (Snake:1)
  36 orc warriors
  6 swamp drakes
  7 ice beasts
  An alligator simulacrum (IceCv)
  2 sky beasts
  3 black bears
  2 eyes of draining (shapeshifter)
  7 phantoms
  A necrophage (D:10)
  22 ogres
  7 eyes of draining
  15 centaurs
  2 black mamba simulacra (Snake:1)
  6 boggarts
  3 wolves (Lair:6)
  12 crocodiles
  4 big kobolds
  3 earth elementals (Elf:2)
  A gnoll sergeant (D:9)
  23 bullfrogs
  A water moccasin zombie (D:9)
  2 wyvern zombies
  A wyvern skeleton (D:14)
  A scorpion (D:8)
  21 killer bees
  A troll zombie (D:10)
  A spectral naga (Snake:1)
  A swamp dragon simulacrum (IceCv)
  6 howler monkeys
  A lava snake (Swamp:4)
  2 bullfrog zombies
  7 draconian simulacra (IceCv)
  3 jellies
  A quasit (D:10)
  7 crimson imps
  21 orc priests
  5 hounds
  29 orc wizards
  6 centaur skeletons
  3 bullfrog skeletons
  6 iguanas
  A worker ant (shapeshifter) (Depths:5)
  4 hell rats (Lair:3)
  8 worker ants
  A spriggan simulacrum (IceCv)
  5 troll simulacra (IceCv)
  7 ogre zombies (D:10)
  3 centaur simulacra
  2 worker ant zombies
  6 gnolls
  14 adders
  5 naga simulacra
  2 ogre simulacra (IceCv)
  4 shadow imps
  11 white imps (IceCv)
  3 adder skeletons
  2 dart slugs (D:1)
  3 leopard geckos (D:1)
  78 orcs
  2 ball pythons
  6 bats
  5 giant cockroaches
  12 goblins
  14 hobgoblins
  12 jackals
  3 quokkas
  3 frilled lizards
  A goblin skeleton (D:10)
  3 goblin zombies (D:10)
  6 hobgoblin zombies (D:10)
  29 kobolds
  3 orc skeletons (D:10)
  11 orc zombies (D:10)
  9 rats
  A fungus (Lair:4)
  2 plants
1515 creatures vanquished.

Vanquished Creatures (collateral kills)
  the Royal Jelly (Slime:5)
  Mennas (Depths:4)
  A juggernaut (Depths:4)
  Saint Roka (Orc:2)
  2 curse toes
  2 caustic shrikes (Depths:5)
  2 golden dragons (Depths:5)
  A bone dragon (Depths:5)
  A deep elf blademaster (Elf:3)
  A lich (Depths:2)
  The ghost of Jaiteiro the Severer, an adept MiFi of the Shining One (Elf:2)
  15 acid blobs
  A sphinx (Vaults:2)
  A death cob (Zot:3)
  3 tengu reavers
  A storm dragon (Depths:4)
  3 shadow dragons
  7 azure jellies
  3 nagarajas
  3 fire giants
  3 frost giants
  2 draconian scorchers
  A draconian knight (Zot:2)
  3 deep elf sorcerers
  8 vault wardens
  4 ironheart preservers (Vaults:4)
  4 deep elf elementalists (Elf:3)
  3 spriggan defenders
  3 draconian shifters
  Aizul (Snake:4)
  The ghost of Tramtrist the Ripper, an adept FeBe of Trog (Elf:2)
  4 draconian annihilators
  8 green draconians
  11 stone giants
  A vampire knight (Depths:4)
  9 very ugly things
  4 deep elf demonologists (Elf:3)
  2 deep elf annihilators (Elf:3)
  2 yellow draconians
  A white draconian (Zot:2)
  4 purple draconians
  3 red draconians (Zot:3)
  7 ettins
  A blizzard demon (Depths:2)
  4 death oozes (Slime:5)
  7 great orbs of eyes
  4 deep elf death magi
  4 deep elf high priests (Elf:3)
  5 fire dragons
  2 yaktaur captains
  A vault guard (Vaults:4)
  8 naga warriors
  8 ice dragons
  6 hydras
  2 rakshasas
  2 anacondas
  A shambling mangrove (Swamp:3)
  A spriggan air mage (Depths:4)
  3 centaur warriors
  5 ogre magi
  A caustic shrike simulacrum (Depths:4)
  11 two-headed ogres
  A death knight (Vaults:4)
  7 dancing weapons
  Urug (Orc:2)
  7 alligators
  5 tengu warriors
  4 deep troll shamans
  A death yak (Lair:5)
  2 vampire magi
  4 deep troll earth magi
  3 naga sharpshooters (Snake:4)
  An orc high priest (Orc:2)
  2 shock serpents
  8 deep elf knights
  7 hell knights
  3 iron trolls
  2 salamander mystics
  8 skeletal warriors
  A spriggan druid (Swamp:4)
  4 glowing orange brains
  A flayed ghost (Depths:4)
  6 deep elf archers
  6 swamp dragons
  8 wizards
  15 deep trolls
  5 ironbrand convokers
  4 naga ritualists
  2 lindwurms (Swamp:4)
  4 orc knights
  11 deep elf magi
  5 necromancers
  A phantasmal warrior (Vaults:4)
  A wolf spider (Vaults:4)
  2 mana vipers (Snake:4)
  A manticore (D:14)
  2 shining eyes
  An orc sorcerer (Elf:2)
  10 black mambas
  14 ugly things
  A cyclops (D:9)
  9 salamanders
  4 moths of wrath
  A spectral shock serpent (Snake:1)
  4 vault sentinels
  A guardian serpent (shapeshifter) (Vaults:1)
  10 naga magi
  2 eyes of devastation
  A black mamba (shapeshifter) (Depths:1)
  2 guardian serpents
  13 spiny frogs
  2 rime drakes (Lair:5)
  A komodo dragon (shapeshifter) (Vaults:2)
  2 freezing wraiths (Vaults:4)
  2 komodo dragons
  A spectral naga (Snake:1)
  24 yaktaurs
  A queen bee (shapeshifter) (Vaults:1)
  A tengu conjurer (Depths:2)
  3 ice devils (Depths:2)
  4 trolls
  4 tyrant leeches
  3 hornets
  A polar bear (Lair:4)
  5 bog bodies
  3 hippogriffs
  36 slime creatures
  A blink frog (shapeshifter) (Depths:4)
  3 blink frogs
  Sigmund (D:6)
  A vampire (Vaults:2)
  2 air elementals
  5 wraiths
  11 yaks
  A basilisk (Lair:5)
  A yak (shapeshifter) (Vaults:2)
  3 fire bats (Swamp:4)
  4 spriggans
  2 fire elementals
  3 water elementals
  A basilisk (shapeshifter) (D:15)
  3 golden eyes
  2 golden eyes (shapeshifter)
  10 vampire mosquitoes
  A deep troll zombie (Vaults:3)
  17 insubstantial wisps
  30 nagas
  7 swamp worms
  5 hydra simulacra (Depths:3)
  3 water moccasins (Lair:3)
  10 swamp drakes
  3 porcupines
  A black bear (D:8)
  2 eyes of draining (Slime:5)
  A human zombie (Vaults:3)
  11 orc warriors
  An ice beast (D:7)
  A sky beast (D:15)
  An elf simulacrum (Depths:4)
  2 black mamba simulacra (Snake:1)
  2 wolves (Lair:6)
  2 boggarts (Vaults:2)
  11 ogres
  11 centaurs
  A centaur (shapeshifter) (Depths:1)
  2 big kobolds
  2 crocodiles
  8 bullfrogs
  2 wyvern skeletons
  A human skeleton (Vaults:3)
  4 scorpions
  A water moccasin skeleton (D:6)
  2 howler monkeys (D:9)
  An electric eel (Lair:6)
  A crimson imp (D:12)
  A lava snake (Swamp:4)
  A quasit (D:9)
  4 orc wizards
  A jelly (D:10)
  2 centaur skeletons
  6 orc priests
  Crazy Yiuf (D:7)
  A bullfrog skeleton (D:5)
  2 hounds
  9 worker ants
  A naga simulacrum (Snake:1)
  3 gnolls
  7 adders
  A white imp (IceCv)
  2 worms
  An adder skeleton (D:6)
  2 leopard geckos
  28 orcs
  A hobgoblin (Bailey)
  A quokka (D:10)
  A frilled lizard (D:4)
  4 kobolds
  An orc zombie (D:10)
  5 fungi
  5 plants
819 creatures vanquished.

Vanquished Creatures (others)
  An ancient lich (Depths:2)
  A deep elf master archer (Elf:3)
  A shadow dragon (Zot:3)
  A draconian stormcaller (Depths:5)
  A red draconian (Zot:1)
  2 hell knights (Depths:1)
  A naga ritualist (Snake:4)
  A wizard (D:14)
  A deep elf mage (Vaults:3)
  A moth of wrath (Zot:3)
  A slime creature (Swamp:3)
  A spriggan (Swamp:4)
  A yak (Lair:2)
  7 swamp drakes (Swamp:4)
  A human (D:10)
  A centaur (D:11)
  An earth elemental (Elf:3)
  An orc wizard (Orc:2)
  An orc priest (D:5)
  An adder zombie (D:10)
  A quokka (D:11)
  22 fungi
  28 plants
78 creatures vanquished.

Grand Total: 2412 creatures vanquished

Notes
Turn   | Place    | Note
-------+----------+-------------------------------------------
     0 | D:1      | TheAlmogaver the Gnoll Wizard began the quest for the Orb.
     0 | D:1      | Reached XP level 1. HP: 13/13 MP: 8/8
    61 | D:1      | Reached XP level 2. HP: 19/19 MP: 6/10
   499 | D:1      | Reached XP level 3. HP: 25/25 MP: 8/11
   667 | D:1      | Learned a level 2 spell: Blink
   670 | D:1      | Learned a level 2 spell: Call Imp
   674 | D:1      | Learned a level 3 spell: Conjure Flame
   678 | D:1      | Learned a level 3 spell: Mephitic Cloud
  1052 | D:2      | Noticed a black bear
  1121 | D:1      | Killed a black bear
  1121 | D:1      | Reached skill level 1 in Fighting
  1121 | D:1      | Reached skill level 1 in Short Blades
  1121 | D:1      | Reached skill level 1 in Long Blades
  1121 | D:1      | Reached skill level 1 in Axes
  1121 | D:1      | Reached skill level 1 in Maces & Flails
  1121 | D:1      | Reached skill level 1 in Polearms
  1121 | D:1      | Reached skill level 1 in Staves
  1121 | D:1      | Reached skill level 1 in Slings
  1121 | D:1      | Reached skill level 1 in Bows
  1121 | D:1      | Reached skill level 1 in Crossbows
  1121 | D:1      | Reached skill level 1 in Throwing
  1121 | D:1      | Reached skill level 1 in Armour
  1121 | D:1      | Reached skill level 1 in Shields
  1121 | D:1      | Reached skill level 1 in Unarmed Combat
  1121 | D:1      | Reached skill level 1 in Hexes
  1121 | D:1      | Reached skill level 1 in Charms
  1121 | D:1      | Reached skill level 1 in Necromancy
  1121 | D:1      | Reached skill level 1 in Transmutations
  1121 | D:1      | Reached skill level 1 in Fire Magic
  1121 | D:1      | Reached skill level 1 in Ice Magic
  1121 | D:1      | Reached skill level 1 in Air Magic
  1121 | D:1      | Reached skill level 1 in Earth Magic
  1121 | D:1      | Reached skill level 1 in Poison Magic
  1121 | D:1      | Reached skill level 1 in Invocations
  1121 | D:1      | Reached skill level 1 in Evocations
  1121 | D:1      | Reached XP level 4. HP: 30/32 MP: 0/13
  1541 | D:2      | Reached XP level 5. HP: 37/37 MP: 8/14
  1573 | D:2      | Found a shattered altar of Ashenzari.
  1581 | D:2      | Became a worshipper of Ashenzari the Shackled
  1769 | D:2      | Reached XP level 6. HP: 44/44 MP: 0/16
  1882 | D:2      | Found an opulent altar of Gozag.
  2014 | D:2      | Reached skill level 5 in Dodging
  2369 | D:3      | Found an opulent altar of Gozag.
  2614 | D:3      | Found a transporter.
  2639 | D:3      | Noticed poxu's ghost (amateur MiFi)
  2685 | D:3      | Found a transporter.
  3699 | D:4      | Reached XP level 7. HP: 47/50 MP: 11/18
  3778 | D:4      | Found a blossoming altar of Fedhas.
  3809 | D:4      | Noticed Edmund
  4106 | D:4      | Killed Edmund
  5041 | D:5      | Entered Level 5 of the Dungeon
  5517 | D:5      | Reached skill level 5 in Stealth
  5796 | D:5      | Reached XP level 8. HP: 57/57 MP: 5/19
  6509 | D:5      | Noticed Grinder
  6531 | D:5      | Paralysed by Grinder for 2 turns
  6539 | D:5      | Killed Grinder
  6734 | D:5      | Found a staircase to the Ecumenical Temple.
  6744 | Temple   | Entered the Ecumenical Temple
  7026 | D:6      | Reached * piety under Ashenzari
  7655 | D:6      | Reached XP level 9. HP: 65/65 MP: 12/21
  7681 | D:6      | Noticed Sigmund
  7691 | D:6      | Killed Sigmund
  7716 | D:6      | Found Fopre's Jewellery Shop.
  8363 | D:7      | Noticed Prince Ribbit
  8476 | D:7      | Found a runed translucent door.
  8477 | D:7      | Noticed Crazy Yiuf
  8493 | D:7      | Killed Crazy Yiuf
  8961 | D:8      | Found an ancient bone altar of Kikubaaqudgha.
  8961 | D:8      | Found a white marble altar of Elyvilon.
  9414 | D:8      | Found Fomenla's Assorted Antiques.
  9444 | D:8      | Reached skill level 5 in Invocations
  9647 | D:8      | Found a staircase to the Lair.
 10008 | D:9      | Reached XP level 10. HP: 73/73 MP: 19/22
 10333 | D:9      | Reached skill level 5 in Fighting
 10333 | D:9      | Reached skill level 5 in Short Blades
 10333 | D:9      | Reached skill level 5 in Long Blades
 10333 | D:9      | Reached skill level 5 in Axes
 10333 | D:9      | Reached skill level 5 in Maces & Flails
 10333 | D:9      | Reached skill level 5 in Polearms
 10333 | D:9      | Reached skill level 5 in Staves
 10333 | D:9      | Reached skill level 5 in Slings
 10333 | D:9      | Reached skill level 5 in Bows
 10333 | D:9      | Reached skill level 5 in Crossbows
 10333 | D:9      | Reached skill level 5 in Throwing
 10333 | D:9      | Reached skill level 5 in Armour
 10333 | D:9      | Reached skill level 5 in Shields
 10333 | D:9      | Reached skill level 5 in Unarmed Combat
 10333 | D:9      | Reached skill level 5 in Evocations
 10423 | D:9      | Identified the +7 ring mail of Vehumet's Indignation
                  | {Dex+6}
 10427 | D:9      | Identified the +3 ring mail of Misanthropy {Str+2}
 10782 | D:9      | Noticed a two-headed ogre
 11015 | D:7      | Killed a two-headed ogre
 11197 | D:9      | Noticed Erica
 11323 | D:9      | Killed Erica
 11323 | D:9      | Reached skill level 5 in Conjurations
 11323 | D:9      | Reached skill level 5 in Summonings
 11323 | D:9      | Reached skill level 5 in Translocations
 11601 | D:9      | Reached ** piety under Ashenzari
 11833 | D:10     | Entered Level 10 of the Dungeon
 12431 | D:10     | Reached XP level 11. HP: 81/81 MP: 22/24
 12889 | D:6      | Bought the ring "Nazic" {Wiz rF+} for 616 gold pieces
 13483 | D:10     | Noticed an orc sorcerer
 13712 | D:10     | Killed an orc sorcerer
 13733 | D:10     | Reached skill level 5 in Hexes
 13733 | D:10     | Reached skill level 5 in Charms
 13733 | D:10     | Reached skill level 5 in Necromancy
 13733 | D:10     | Reached skill level 5 in Transmutations
 13733 | D:10     | Reached skill level 5 in Fire Magic
 13733 | D:10     | Reached skill level 5 in Ice Magic
 13733 | D:10     | Reached skill level 5 in Air Magic
 13733 | D:10     | Reached skill level 5 in Earth Magic
 13733 | D:10     | Reached skill level 5 in Poison Magic
 13885 | D:10     | Noticed a cyclops
 14164 | D:9      | Killed a cyclops
 14444 | D:10     | Found an ancient bone altar of Kikubaaqudgha.
 14535 | D:10     | Noticed a brown ugly thing
 14539 | D:10     | Identified the cursed +1 great sword "Nuumorgh" {drain, rF-
                  | rC+ Str+2 Int+3}
 14539 | D:10     | Noticed an ogre mage
 14551 | D:10     | Noticed a green ugly thing
 14552 | D:10     | Noticed a brown ugly thing
 14554 | D:10     | Killed an ogre mage
 14554 | D:10     | Killed a brown ugly thing
 14563 | D:10     | Killed a green ugly thing
 14571 | D:10     | Killed a green ugly thing
 15381 | D:10     | Noticed a tengu warrior
 15601 | D:10     | Killed a tengu warrior
 16679 | D:10     | Found a staircase to the Orcish Mines.
 16900 | D:11     | Learned a level 5 spell: Bolt of Magma
 16953 | D:11     | Noticed Harold
 17038 | D:11     | Noticed a brown ugly thing
 17084 | D:11     | Killed a brown ugly thing
 17084 | D:11     | Reached XP level 12. HP: 71/89 MP: 2/25
 17612 | D:11     | Reached skill level 10 in Spellcasting
 17922 | D:11     | Noticed a five-headed hydra
 18401 | D:11     | Noticed Harold
 18401 | D:11     | Harold changed into Harold the mana viper
 18403 | D:11     | Killed Harold the mana viper
 18594 | D:11     | Learned a level 1 spell: Animate Skeleton
 19039 | D:11     | Killed a five-headed hydra
 19289 | D:12     | Found a flagged portal.
 19335 | Bailey   | Entered a bailey
 19839 | Bailey   | Learned a level 4 spell: Animate Dead
 20931 | D:12     | Noticed a three-headed hydra
 20965 | D:12     | Killed a three-headed hydra
 21135 | D:12     | Reached XP level 13. HP: 98/98 MP: 25/27
 21668 | Lair:1   | Entered Level 1 of the Lair of Beasts
 22214 | Lair:1   | Reached *** piety under Ashenzari
 22290 | Lair:1   | Identified a scroll of acquirement
 22291 | Lair:1   | Identified TheAlmogaver's Compendium of Transmigration (You
                  | acquired it on level 1 of the Lair of Beasts)
 22791 | Lair:1   | Got the uncursed scale mail of Gozag's Approval {rPois
                  | Int+2}
 22837 | Lair:2   | Identified the +1 scale mail of Gozag's Approval {rPois
                  | Int+2} (You found it on level 1 of the Lair of Beasts)
 23294 | Lair:2   | Found a staircase to the Swamp.
 24140 | Lair:3   | Found a shattered altar of Ashenzari.
 24416 | Lair:3   | Found a staircase to the Snake Pit.
 25294 | Lair:4   | Reached **** piety under Ashenzari
 27006 | Lair:5   | Reached XP level 14. HP: 101/106 MP: 22/29
 27368 | Lair:5   | Found a staircase to the Slime Pits.
 27849 | Lair:5   | Reached skill level 10 in Dodging
 28109 | Lair:5   | Identified the Grimoire of Shifting Earth (You acquired it
                  | on level 5 of the Lair of Beasts)
 28533 | Lair:6   | Entered Level 6 of the Lair of Beasts
 28710 | Lair:5   | Reached skill level 10 in Stealth
 29306 | Lair:6   | Reached skill level 10 in Invocations
 30335 | Lair:6   | Reached ***** piety under Ashenzari
 31315 | Orc:1    | Entered Level 1 of the Orcish Mines
 31478 | D:10     | Learned a level 6 spell: Statue Form
 31491 | Orc:1    | Noticed a stone giant
 31503 | Orc:1    | Killed a stone giant
 31845 | Orc:1    | Noticed a stone giant
 31860 | Orc:1    | Killed a stone giant
 32203 | Orc:2    | Entered Level 2 of the Orcish Mines
 32204 | Orc:2    | Noticed Rupert
 32207 | Orc:2    | Paralysed by Rupert for 6 turns
 32397 | Orc:2    | Killed Rupert
 32397 | Orc:2    | Reached XP level 15. HP: 114/114 MP: 9/30
 32524 | Orc:2    | Noticed an orc warlord
 32833 | Orc:2    | Killed an orc warlord
 32934 | Orc:2    | Found Momidd's Antique Weapon Shoppe.
 32934 | Orc:2    | Found Qocvaogoj's Assorted Antiques.
 32937 | Orc:2    | Found Uliron's Jewellery Emporium.
 32939 | Orc:2    | Found Ymaluim's Weapon Emporium.
 32991 | Orc:2    | Noticed Saint Roka
 33263 | Orc:2    | Learned a level 7 spell: Spellforged Servitor
 33324 | Orc:2    | Noticed Urug
 33342 | Orc:2    | Killed Urug
 33840 | Orc:2    | Noticed Erolcha
 33845 | Orc:2    | Killed Erolcha
 33897 | Orc:2    | Killed Saint Roka
 34184 | Orc:2    | Found a staircase to the Elven Halls.
 34255 | Orc:2    | Found a roughly hewn altar of Beogh.
 34472 | Orc:2    | Bought the +8 trident of the Octopus King {venom, rElec
                  | rPois MR+} for 1700 gold pieces
 34472 | Orc:2    | Found the +8 trident of the Octopus King {venom, rElec
                  | rPois MR+}
 34779 | D:13     | Noticed Sonja
 34976 | D:12     | Killed Sonja
 35031 | D:13     | Found a frozen archway.
 35048 | IceCv    | Entered an ice cave
 35057 | IceCv    | Reached skill level 10 in Fighting
 35057 | IceCv    | Reached skill level 10 in Short Blades
 35057 | IceCv    | Reached skill level 10 in Long Blades
 35057 | IceCv    | Reached skill level 10 in Axes
 35057 | IceCv    | Reached skill level 10 in Maces & Flails
 35057 | IceCv    | Reached skill level 10 in Polearms
 35057 | IceCv    | Reached skill level 10 in Staves
 35057 | IceCv    | Reached skill level 10 in Slings
 35057 | IceCv    | Reached skill level 10 in Bows
 35057 | IceCv    | Reached skill level 10 in Crossbows
 35057 | IceCv    | Reached skill level 10 in Throwing
 35057 | IceCv    | Reached skill level 10 in Armour
 35057 | IceCv    | Reached skill level 10 in Shields
 35057 | IceCv    | Reached skill level 10 in Unarmed Combat
 35057 | IceCv    | Reached skill level 10 in Evocations
 35626 | IceCv    | Found an ancient bone altar of Kikubaaqudgha.
 36064 | D:13     | Found a gate to the Vaults.
 37170 | D:14     | Found a bloodstained altar of Trog.
 37721 | D:14     | Reached XP level 16. HP: 123/123 MP: 32/32
 37844 | D:15     | Entered Level 15 of the Dungeon
 37844 | D:15     | Reached ****** piety under Ashenzari
 38354 | D:15     | Found a staircase to the Depths.
 39709 | Swamp:1  | Entered Level 1 of the Swamp
 40154 | Swamp:1  | Learned a level 6 spell: Freezing Cloud
 40162 | Swamp:1  | Learned a level 7 spell: Orb of Destruction
 41538 | Swamp:2  | Noticed Jorgrun
 41542 | Swamp:2  | Killed Jorgrun
 42474 | Swamp:3  | Noticed a thorn hunter
 42514 | Swamp:3  | Killed a thorn hunter
 42514 | Swamp:3  | Reached XP level 17. HP: 114/131 MP: 26/33
 43827 | Swamp:4  | Entered Level 4 of the Swamp
 43827 | Swamp:4  | Identified the +8 quarterstaff of Fitai {crush, Str+4}
 44342 | Swamp:4  | Reached skill level 10 in Conjurations
 44342 | Swamp:4  | Reached skill level 10 in Summonings
 44342 | Swamp:4  | Reached skill level 10 in Translocations
 44623 | Swamp:4  | Got a decaying rune of Zot
 44969 | Snake:1  | Entered Level 1 of the Snake Pit
 44991 | Snake:1  | Noticed Asterion
 45002 | Snake:1  | Killed Asterion
 45081 | Snake:1  | Noticed Donald
 45090 | Snake:1  | Killed Donald
 45172 | Snake:1  | Found Goxicig's Weapon Shop.
 45189 | Snake:1  | Learned a level 4 spell: Summon Lightning Spire
 45414 | Snake:1  | Found Tekkil's Gadget Boutique.
 45420 | Snake:1  | Found a runed translucent gate.
 45420 | Snake:1  | Found a runed translucent gate.
 45421 | Snake:1  | Found a runed translucent gate.
 45425 | Snake:1  | Noticed Kairos's ghost (journeyman FoEE)
 45490 | Snake:1  | Found Oxamuf's Antique Weapon Boutique.
 45495 | Snake:1  | Found Xegruzov's Magic Scroll Shop.
 45592 | Snake:1  | Killed Kairos's ghost
 45734 | Snake:1  | Gained mutation: You have large cloven feet. [potion of
                  | mutation]
 45734 | Snake:1  | Gained mutation: You are partially covered in yellow
                  | scales. (AC +2) [potion of mutation]
 45735 | Snake:1  | Lost mutation: You have large cloven feet. [potion of
                  | mutation]
 45735 | Snake:1  | Lost mutation: You are partially covered in yellow scales.
                  | (AC +2) [potion of mutation]
 45735 | Snake:1  | Gained mutation: Scrolls take you a little longer to read.
                  | [potion of mutation]
 45735 | Snake:1  | Gained mutation: You are partially covered in thin metallic
                  | scales. (AC +2) [potion of mutation]
 45735 | Snake:1  | Gained mutation: You are frail. (-10% HP) [potion of
                  | mutation]
 45735 | Snake:1  | Gained mutation: Your muscles are strong. (Str +2) [potion
                  | of mutation]
 45736 | Snake:1  | Lost mutation: Scrolls take you a little longer to read.
                  | [potion of mutation]
 45736 | Snake:1  | Lost mutation: You are frail. (-10% HP) [potion of
                  | mutation]
 45736 | Snake:1  | Lost mutation: Your muscles are strong. (Str +2) [potion of
                  | mutation]
 45736 | Snake:1  | Lost mutation: You are partially covered in thin metallic
                  | scales. (AC +2) [potion of mutation]
 45736 | Snake:1  | Gained mutation: You have a pair of small horns on your
                  | head. [potion of mutation]
 45736 | Snake:1  | Gained mutation: Your mind is acute. (Int +2) [potion of
                  | mutation]
 45737 | Snake:1  | Lost mutation: You have a pair of small horns on your head.
                  | [potion of mutation]
 45737 | Snake:1  | Lost mutation: Your mind is acute. (Int +2) [potion of
                  | mutation]
 45737 | Snake:1  | Gained mutation: You evolve. [potion of mutation]
 45737 | Snake:1  | Gained mutation: Your muscles are strong. (Str +2) [potion
                  | of mutation]
 46127 | Snake:2  | Gained mutation: You passively map a small area around you.
                  | [evolution]
 47084 | Snake:3  | Reached skill level 10 in Hexes
 47084 | Snake:3  | Reached skill level 10 in Charms
 47084 | Snake:3  | Reached skill level 10 in Necromancy
 47084 | Snake:3  | Reached skill level 10 in Transmutations
 47084 | Snake:3  | Reached skill level 10 in Fire Magic
 47084 | Snake:3  | Reached skill level 10 in Ice Magic
 47084 | Snake:3  | Reached skill level 10 in Air Magic
 47084 | Snake:3  | Reached skill level 10 in Earth Magic
 47084 | Snake:3  | Reached skill level 10 in Poison Magic
 47272 | Snake:3  | Reached XP level 18. HP: 122/139 MP: 12/35
 48402 | Snake:4  | Entered Level 4 of the Snake Pit
 48660 | Snake:4  | Noticed Aizul
 48670 | Snake:4  | Killed Aizul
 49353 | Snake:4  | Got a serpentine rune of Zot
 50170 | Vaults:1 | Entered Level 1 of the Vaults
 51191 | Vaults:1 | Reached XP level 19. HP: 147/147 MP: 18/36
 51518 | Vaults:1 | Identified the +2 hunting sling of Filag {freeze, Dex+3}
 51963 | Vaults:1 | Found Tizxewn's Jewellery Shoppe.
 53043 | Vaults:2 | Found the cursed +2 ratskin cloak {+Rats rPois rN+ Str-1
                  | Int-1 Dex+1}
 53423 | Vaults:2 | Found a staircase to the Crypt.
 54809 | Vaults:3 | Found a blossoming altar of Fedhas.
 55015 | Vaults:3 | Noticed Sojobo
 55031 | Vaults:3 | Killed Sojobo
 56214 | Vaults:3 | Gained mutation: You have a pair of small horns on your
                  | head. [evolution]
 56214 | Vaults:3 | Lost mutation: You evolve. [end of evolution]
 56551 | Vaults:4 | Reached XP level 20. HP: 125/155 MP: 12/38
 56898 | Vaults:4 | Noticed Xtahua
 56912 | Vaults:4 | Killed Xtahua
 59409 | Elf:1    | Entered Level 1 of the Elven Halls
 59482 | Elf:1    | Identified the Compendium of the Escort
 59614 | Elf:1    | Noticed Roxanne
 59647 | Elf:1    | Killed Roxanne
 60637 | Elf:2    | Found a runed translucent gate.
 60639 | Elf:2    | Found a runed translucent gate.
 60640 | Elf:2    | Found a runed translucent gate.
 61446 | Elf:2    | Reached XP level 21. HP: 163/163 MP: 39/39
 61527 | Elf:2    | Found a runed translucent gate.
 61527 | Elf:2    | Found a runed translucent gate.
 61527 | Elf:2    | Found a runed translucent gate.
 61643 | Elf:2    | Noticed Jaiteiro's ghost (adept MiFi)
 61643 | Elf:2    | Noticed Tramtrist's ghost (adept FeBe)
 61646 | Elf:2    | Identified the +11 dire flail "Orchih" {freeze, rPois rN++
                  | Int-4 Dex-5}
 61663 | Elf:2    | Killed Jaiteiro's ghost
 61668 | Elf:2    | Killed Tramtrist's ghost
 62001 | Elf:3    | Entered Level 3 of the Elven Halls
 62062 | Elf:3    | Reached skill level 15 in Spellcasting
 63204 | Elf:3    | Identified the +5 plate armour "Tallazeu" {rCorr Int+2
                  | Stlth+}
 63204 | Elf:3    | Identified the +7 shield "Put-Me-On" {rCorr Stlth+}
 63551 | Elf:3    | Identified the ring "Kihial" {Fire *Drain rElec Int+4}
 63903 | Elf:3    | Identified Axaedgh's Handbook of Shifting Conjuration
 63919 | Elf:3    | Identified the Grimoire of the Congealing Compass
 63948 | Elf:3    | Identified the Incunabulum of a Thousand Souls
 64605 | Depths:1 | Entered Level 1 of the Depths
 64750 | Depths:1 | Identified the +8 dagger of Neuddop {vamp, rPois rC++ Int-2
                  | Dex+3}
 64784 | Depths:1 | Found Obloept's Armour Shoppe.
 64929 | Depths:1 | Found a gateway to Hell.
 65016 | Depths:1 | Found a one-way gate to the infinite horrors of the Abyss.
 65056 | Depths:1 | Reached skill level 15 in Invocations
 65479 | Depths:1 | Found Koextaji's Jewellery Boutique.
 65480 | Depths:1 | Found Tutoq's Gadget Shoppe.
 65480 | Depths:1 | Found Joaboh's Gadget Shoppe.
 65649 | D:8      | Bought the cursed necklace of Bloodlust {*Rage +Rage MR++
                  | Int-3 Slay+6 *Curse} for 2352 gold pieces
 65649 | D:8      | Found the cursed necklace of Bloodlust {*Rage +Rage MR++
                  | Int-3 Slay+6 *Curse}
 66772 | Depths:2 | Reached XP level 22. HP: 165/172 MP: 33/41
 67576 | Depths:2 | Noticed an ancient lich
 68232 | Depths:2 | Found Jogudaod's Weapon Emporium.
 68239 | Depths:2 | Found Ruowatus's Gadget Shoppe.
 68242 | Depths:2 | Found Zekhaib's Assorted Antiques.
 68329 | Depths:2 | Killed an ancient lich
 68421 | Depths:2 | Identified the Reference Book on Dislocation
 68613 | Depths:2 | Got the uncursed pair of boots "Rihanwyu" {+Fly MR- Stlth+}
 68624 | Depths:2 | Identified the +2 pair of boots "Rihanwyu" {+Fly MR-
                  | Stlth+} (You found it on level 2 of the Depths)
 69070 | Depths:3 | Found a one-way gate leading to the halls of Pandemonium.
 69082 | Depths:3 | Noticed Margery
 69108 | Depths:3 | Killed Margery
 69639 | Depths:3 | Reached skill level 15 in Dodging
 70105 | Depths:3 | Noticed a juggernaut
 70123 | Depths:3 | Killed a juggernaut
 70473 | Depths:3 | Reached skill level 15 in Stealth
 71058 | Depths:4 | Noticed Boris
 71114 | Depths:4 | Killed Boris
 71476 | Depths:4 | Identified the +11 morningstar of Triumph {crush, rC+}
 71970 | Depths:4 | Noticed a juggernaut
 71978 | Depths:4 | Killed a juggernaut
 71978 | Depths:4 | Reached XP level 23. HP: 178/179 MP: 42/42
 72334 | Depths:4 | Noticed a caustic shrike
 72354 | Depths:4 | Killed a caustic shrike
 72470 | Depths:4 | Noticed Mennas
 72531 | Depths:4 | Killed Mennas
 73062 | Depths:5 | Entered Level 5 of the Depths
 73355 | Depths:5 | Noticed a golden dragon
 73574 | Depths:4 | Learned a level 7 spell: Summon Hydra
 73924 | Slime:1  | Entered Level 1 of the Pits of Slime
 74305 | Slime:5  | Entered Level 5 of the Pits of Slime
 74343 | Slime:5  | Gained mutation: You are clumsy. (Dex -2) [a shining eye]
 74481 | Slime:5  | Reached skill level 15 in Fighting
 74481 | Slime:5  | Reached skill level 15 in Short Blades
 74481 | Slime:5  | Reached skill level 15 in Long Blades
 74481 | Slime:5  | Reached skill level 15 in Axes
 74481 | Slime:5  | Reached skill level 15 in Maces & Flails
 74481 | Slime:5  | Reached skill level 15 in Polearms
 74481 | Slime:5  | Reached skill level 15 in Staves
 74481 | Slime:5  | Reached skill level 15 in Slings
 74481 | Slime:5  | Reached skill level 15 in Bows
 74481 | Slime:5  | Reached skill level 15 in Crossbows
 74481 | Slime:5  | Reached skill level 15 in Throwing
 74481 | Slime:5  | Reached skill level 15 in Armour
 74481 | Slime:5  | Reached skill level 15 in Shields
 74481 | Slime:5  | Reached skill level 15 in Unarmed Combat
 74481 | Slime:5  | Reached skill level 15 in Evocations
 74703 | Slime:5  | Noticed the Royal Jelly
 74978 | Slime:5  | Killed the Royal Jelly
 75736 | Slime:5  | Found the +2 Maxwell's thermic engine {flame, freeze}
 75738 | Slime:5  | Found the +8 demon trident "Rift" {distort, reach+}
 75744 | Slime:5  | Identified the +3 rapier of Doors {pierce, rN+}
 75745 | Slime:5  | Identified the ring "Gekhojok" {rF+ rC+ Int+4}
 75789 | Slime:5  | Got a slimy rune of Zot
 75856 | Slime:5  | Identified the +12 dagger of the Magi {venom, rPois Int+6}
 76634 | Depths:5 | Noticed a golden dragon
 76643 | Depths:5 | Killed a golden dragon
 76696 | Depths:5 | Identified the +1 chain mail "Gint" {SInv Stlth+}
 76696 | Depths:5 | Found Xunocot's Book Shoppe.
 76851 | Depths:5 | Found a gate to the Realm of Zot.
 76928 | Depths:5 | Found Cufeatat's Magic Scroll Shoppe.
 76976 | Depths:5 | Found Ygyimmia's Magic Scroll Shoppe.
 77044 | Depths:5 | Killed a golden dragon
 77134 | Depths:5 | Found Hous's Antique Armour Shop.
 77189 | Depths:5 | Found a gateway to a ziggurat.
 77221 | Depths:5 | Noticed a caustic shrike
 77221 | Depths:5 | Noticed a caustic shrike
 77266 | Depths:5 | Killed a caustic shrike
 77267 | Depths:5 | Noticed a caustic shrike
 77267 | Depths:5 | Noticed a caustic shrike
 77268 | Depths:5 | Killed a caustic shrike
 77278 | Depths:5 | Killed a caustic shrike
 77278 | Depths:5 | Reached XP level 24. HP: 174/189 MP: 24/43
 77288 | Depths:5 | Killed a caustic shrike
 77472 | Depths:5 | Found Amnon's Food Shoppe.
 77795 | Depths:5 | Bought a scroll of acquirement for 728 gold pieces
 77795 | Depths:5 | Identified the cursed +5 large shield of the Mutiny {Str+4}
                  | (You acquired it on level 5 of the Depths)
 77832 | Zot:1    | Entered Level 1 of the Realm of Zot
 78075 | Zot:1    | Noticed a curse toe
 78093 | Zot:1    | Killed a curse toe
 78226 | Zot:1    | Noticed an orb of fire
 78959 | Zot:2    | Noticed a curse toe
 78973 | Zot:2    | Killed a curse toe
 80106 | Zot:3    | Noticed an orb of fire
 80116 | Zot:3    | Killed an orb of fire
 80351 | Zot:3    | Identified the +10 hand crossbow of Lidecrad {freeze, rElec
                  | rPois}
 80579 | Zot:3    | Noticed a curse toe
 81034 | Zot:3    | Mangled by a death cob

Skill      XL: |  1  2  3  4  5  6  7  8  9 10 11 12 13 14 15 16 17 18 19 20 21 22 23 24 |
---------------+-------------------------------------------------------------------------+-----
Conjurations   | 2 3 4 5 6 7 8 9 10 11 12 13 | 13.6
Summonings     | 2 3 4 5 6 7 8 9 10 11 12 13 | 13.6
Translocations | 2 3 4 5 6 7 8 9 10 11 12 13 | 13.6
Fighting       | 1 2 3 4 5 6 7 8 9 10 11 12 13 14 15 | 15.7
Short Blades   | 1 2 3 4 5 6 7 8 9 10 11 12 13 14 15 | 15.7
Long Blades    | 1 2 3 4 5 6 7 8 9 10 11 12 13 14 15 | 15.7
Axes           | 1 2 3 4 5 6 7 8 9 10 11 12 13 14 15 | 15.7
Maces & Flails | 1 2 3 4 5 6 7 8 9 10 11 12 13 14 15 | 15.7
Polearms       | 1 2 3 4 5 6 7 8 9 10 11 12 13 14 15 | 15.7
Staves         | 1 2 3 4 5 6 7 8 9 10 11 12 13 14 15 | 15.7
Slings         | 1 2 3 4 5 6 7 8 9 10 11 12 13 14 15 | 15.7
Bows           | 1 2 3 4 5 6 7 8 9 10 11 12 13 14 15 | 15.7
Crossbows      | 1 2 3 4 5 6 7 8 9 10 11 12 13 14 15 | 15.7
Throwing       | 1 2 3 4 5 6 7 8 9 10 11 12 13 14 15 | 15.7
Armour         | 1 2 3 4 5 6 7 8 9 10 11 12 13 14 15 | 15.7
Shields        | 1 2 3 4 5 6 7 8 9 10 11 12 13 14 15 | 15.7
Unarmed Combat | 1 2 3 4 5 6 7 8 9 10 11 12 13 14 15 | 15.7
Hexes          | 1 2 3 4 5 6 7 8 9 10 11 12 13 | 13.5
Charms         | 1 2 3 4 5 6 7 8 9 10 11 12 13 | 13.5
Necromancy     | 1 2 3 4 5 6 7 8 9 10 11 12 13 | 13.5
Transmutations | 1 2 3 4 5 6 7 8 9 10 11 12 13 | 13.5
Fire Magic     | 1 2 3 4 5 6 7 8 9 10 11 12 13 | 13.5
Ice Magic      | 1 2 3 4 5 6 7 8 9 10 11 12 13 | 13.5
Air Magic      | 1 2 3 4 5 6 7 8 9 10 11 12 13 | 13.5
Earth Magic    | 1 2 3 4 5 6 7 8 9 10 11 12 13 | 13.5
Poison Magic   | 1 2 3 4 5 6 7 8 9 10 11 12 13 14 | 14.9
Invocations    | 1 2 3 4 5 6 7 8 9 10 11 12 13 14 15 16 | 16.9
Evocations     | 1 2 3 4 5 6 7 8 9 10 11 12 13 14 15 | 15.7
Dodging        | 5 6 7 8 9 10 11 12 13 14 15 16 | 16.2
Stealth        | 5 6 7 8 9 10 11 12 13 14 15 16 | 16.1
Spellcasting   | 8 9 10 11 12 13 14 15 16 | 16.8

Action                   |  1- 3 |  4- 6 |  7- 9 | 10-12 | 13-15 | 16-18 | 19-21 | 22-24 || total
-------------------------+-------+-------+-------+-------+-------+-------+-------+-------++-------
Melee: Dagger            |       |    12 |    83 |       |       |       |       |       ||    95
       Bite              |       |     2 |     9 |    74 |   124 |   144 |   127 |   140 ||   620
       Quarterstaff      |       |       |    20 |   483 |   248 |       |       |       ||   751
       Punch             |       |       |     1 |       |       |       |       |       ||     1
       Great sword       |       |       |       |       |   296 |       |       |       ||   296
       Trident           |       |       |       |       |   384 |  1141 |  1010 |   877 ||  3412
       Headbutt          |       |       |       |       |       |       |   154 |   219 ||   373
Throw: Tomahawk          |       |       |       |    10 |       |       |       |       ||    10
 Cast: Magic Dart        |    47 |   100 |   243 |   335 |   181 |     1 |       |       ||   907
       Call Imp          |     3 |    15 |    89 |   196 |   141 |    13 |       |       ||   457
       Blink             |     3 |       |     7 |    44 |    36 |    20 |    33 |    24 ||   167
       Conjure Flame     |     1 |     2 |     5 |    10 |     7 |     2 |       |       ||    27
       Mephitic Cloud    |       |     6 |    43 |   108 |   122 |    32 |    56 |    18 ||   385
       Bolt of Magma     |       |       |       |    40 |   200 |   184 |    80 |    20 ||   524
       Animate Dead      |       |       |       |     3 |    53 |    11 |       |       ||    67
       Animate Skeleton  |       |       |       |     1 |    28 |    69 |   126 |    64 ||   288
       Statue Form       |       |       |       |       |    17 |    24 |     9 |    11 ||    61
       Spellforged Servi |       |       |       |       |     4 |    67 |   105 |    87 ||   263
       Freezing Cloud    |       |       |       |       |       |    55 |    42 |    19 ||   116
       Summon Lightning  |       |       |       |       |       |    16 |   130 |   104 ||   250
       Orb of Destructio |       |       |       |       |       |     5 |    63 |   108 ||   176
       Summon Hydra      |       |       |       |       |       |       |       |    21 ||    21
Invok: Curse Item        |       |     1 |       |     3 |       |     2 |     1 |     1 ||     8
       Scrying           |       |       |       |       |       |       |       |     1 ||     1
Evoke: Wand              |       |       |     2 |    15 |    13 |     3 |     1 |     1 ||    35
       Box of beasts     |       |       |       |       |     1 |       |       |     3 ||     4
       Phial of floods   |       |       |       |       |       |       |       |     1 ||     1
  Use: Scroll            |       |       |     8 |    10 |    23 |     8 |    10 |     6 ||    65
       Potion            |       |       |       |     1 |     7 |     4 |     6 |    11 ||    29
 Stab: Confused          |       |     4 |     7 |    47 |    60 |    12 |    33 |    12 ||   175
       Distracted        |       |       |     1 |     8 |     8 |    11 |    26 |    44 ||    98
       Petrified         |       |       |       |     5 |       |       |       |       ||     5
       Paralysed         |       |       |       |     1 |     4 |       |       |       ||     5
       Petrifying        |       |       |       |     1 |       |       |       |       ||     1
       Sleeping          |       |       |       |     3 |     3 |     8 |    20 |    10 ||    44
       Invisible         |       |       |       |       |       |       |     6 |       ||     6
  Eat: Chunk             |       |     8 |    27 |    44 |    32 |    49 |    73 |    43 ||   276
       Ration            |       |       |     2 |       |    12 |    15 |    11 |    20 ||    60
Armor: Robe              |     2 |     5 |    48 |    27 |       |       |       |       ||    82
       Ring mail         |       |       |       |   362 |    75 |   173 |    90 |   138 ||   838
       Scale mail        |       |       |       |       |   202 |       |       |       ||   202
       Skin              |       |       |       |       |   178 |   218 |    49 |    43 ||   488
Dodge: Dodged            |     6 |    13 |    96 |   719 |   786 |   755 |   343 |   392 ||  3110
Block: Shield            |       |       |       |       |   337 |   919 |   318 |   620 ||  2194
       Buckler           |       |       |       |       |       |       |    75 |       ||    75
       Reflection        |       |       |       |       |       |       |    20 |       ||    20
       Rpst.: Great sword |       |       |       |       |    92 |       |       |       ||    92
